 Dungeon Crawl Stone Soup version 0.24.0-1-gfbc8707122 (webtiles) character file.

Game seed: 11740801778741867079, levelgen mode: classic

149 EnegeticOcto the Covered (level 5, -1/46 HPs)
             Began as a Minotaur Fighter on Oct 27, 2019.
             Slain by an orc wizard
             ... wielding a +2 dagger of electrocution
              (4 damage)
             ... on level 3 of the Dungeon.
             The game lasted 00:01:07 (2045 turns).

EnegeticOcto the Covered (Minotaur Fighter)         Turns: 2045, Time: 00:01:08

Health: -1/46      AC:  7    Str: 21    XL:     5   Next: 9%
Magic:  4/4        EV:  8    Int:  5    God:
Gold:   106        SH:  9    Dex: 10    Spells: 4/4 levels left

rFire    . . .     SeeInvis .   a - +0 war axe
rCold    . . .     Gourm    .   c - +0 shield
rNeg     . . .     Faith    .   b - +0 scale mail
rPois    .         Spirit   .   (helmet restricted)
rElec    .         Reflect  .   (no cloak)
rCorr    .         Harm     .   (no gloves)
MR       .....                  (no boots)
Stlth    ..........             (no amulet)
HPRegen  0.15/turn              (no ring)
MPRegen  0.09/turn              (no ring)

@: no status effects
A: retaliatory headbutt, horns 2
a: no special abilities


You were on level 3 of the Dungeon.
You were not hungry.

You visited 1 branch of the dungeon, and saw 3 of its levels.

You collected 106 gold pieces.

Inventory:

Hand Weapons
 a - a +0 war axe (weapon)
Armour
 b - a +0 scale mail (worn)
 c - a +0 shield (worn)
Scrolls
 f - a scroll of teleportation {unknown}
 g - a scroll of amnesia {unknown}
 h - 2 scrolls of immolation {unknown}
 j - a scroll of magic mapping {unknown}
 m - 3 scrolls of identify {unknown}
 n - a scroll of fog {unknown}
 q - a scroll of fear {unknown}
 s - a scroll of remove curse {unknown}
Potions
 d - a potion of might {@q3 !q}
 i - 3 potions of heal wounds {unknown}
 k - a potion of haste {unknown}
 l - a potion of flight {unknown}
 o - a potion of lignification {unknown}
 p - a potion of agility {unknown}
 r - a potion of ambrosia {unknown}
 t - a potion of curing {unknown}
Comestibles
 e - 7 rations


   Skills:
 + Level 4.3 Fighting
 * Level 4.3 Axes
 + Level 4.3 Armour
 + Level 1.8 Dodging
 + Level 4.3 Shields


You had 4 spell levels left.
You didn't know any spells.
Your spell library was empty.

Dungeon Overview and Level Annotations

Branches:
Dungeon (3/15)

Altars:
Qazlal


Innate Abilities, Weirdness & Mutations

You reflexively headbutt those who attack you in melee.
You have a pair of horns on your head.


Message History

The jackal barks!
You hear a shout! x4
A jackal comes into view.
The jackal barks!
The jackal bites you but does no damage.
You hit the jackal.
The jackal is almost dead.
The jackal bites you. x2
You hit the jackal but do no damage.
The jackal is almost dead.
The jackal bites you but does no damage.
You block the jackal's attack.
You slash the jackal!
You kill the jackal!
You miss the jackal. You block the jackal's attack.
A ball python skeleton comes into view.
The jackal bites you but does no damage. x2
You closely miss the jackal. Your headbutt misses the jackal.
You hit the jackal. You block the jackal's attack.
The jackal closely misses you. x2; You block the jackal's attack.
You hit the jackal.
You kill the jackal!
You barely miss the jackal.
The jackal bites you but does no damage.
An orc comes into view. It is wielding a +0 trident.
The jackal barely misses you. You furiously retaliate!
You headbutt the jackal, but do no damage.
You miss the jackal. Your headbutt misses the jackal.
You block the jackal's attack.
The jackal bites you but does no damage.
You closely miss the jackal.
Your shield prevents you from hitting the ball python skeleton.
You block the jackal's attack.
You block the ball python skeleton's attack.
The ball python skeleton barely misses you.
An adder comes into view.
The jackal bites you.
You barely miss the jackal.
The adder hisses angrily.
You headbutt the jackal.
You kill the jackal!
You slash the ball python skeleton!
You destroy the ball python skeleton!
The orc hits you but does no damage. You block the orc's attack.
An orc wizard comes into view.
It is wielding a +2 dagger of electrocution.
You see here a jackal corpse.
You hit the orc.
You kill the orc!
You have reached level 5!
You block the adder's attack.
You miss the adder. The adder bites you.
An orc comes into view.
You block the adder's attack.
The orc moves out of view.
You slash the adder!
You kill the adder!
An orc comes into view.
It is wielding a +0 short sword and wearing a +0 leather armour of cold resistance.
The orc moves out of view.
The orc shouts!
The orc wizard hits you with a +2 dagger of electrocution.
You are electrocuted!!
Things that are here:
a +0 trident; an orc corpse You hit the orc wizard.
You headbutt the orc wizard, but do no damage.
The orc wizard is heavily wounded.
The orc wizard hits you with a +2 dagger of electrocution.
You are electrocuted!
* * * LOW HITPOINT WARNING * * *
You are too injured to fight recklessly!
You are too injured to fight recklessly!
You are too injured to fight recklessly!
You are too injured to fight recklessly!
You are too injured to fight recklessly!
You are too injured to fight recklessly!
You are too injured to fight recklessly!
You hit the orc wizard but do no damage.
Your headbutt misses the orc wizard.
The orc wizard is heavily wounded.
You closely miss the orc. The orc hits you but does no damage.
You block the orc wizard's attack. The orc barely misses you.
You closely miss the orc wizard. Your headbutt misses the orc wizard.
The orc wizard is heavily wounded.
You closely miss the orc. You slash the orc!
You kill the orc!
The orc wizard casts a spell at you. The puff of frost hits you.
* * * LOW HITPOINT WARNING * * *
You block the orc's attack.
The orc wizard hits you with a +2 dagger of electrocution.
* * * LOW HITPOINT WARNING * * *
You closely miss the orc wizard.
The orc wizard is heavily wounded.
You hit the orc. The orc misses you.
The orc wizard hits you but does no damage.
The orc hits you.
* * * LOW HITPOINT WARNING * * *
You miss the orc wizard.
The orc wizard is heavily wounded.
You closely miss the orc.
The orc wizard hits you with a +2 dagger of electrocution.
You die...

........# #.......##
###........#
..........#.....
................
#...............
#oo)...........(
#@##.##........
..####†##.##........
......[†.............
#######..#...........
#..#...........
##.....#........
###......#......... .
.....##..........>..
..####................


You could see an orc wizard and an orc.

Vanquished Creatures
  A gnoll (D:1)
  7 adders
  An ooze (D:2)
  A worm (D:2)
  A dart slug (D:2)
  4 leopard geckos
  2 orcs (D:3)
  2 ball pythons (D:2)
  A giant cockroach (D:1)
  7 goblins
  3 hobgoblins
  11 jackals
  4 kobolds
  A ball python skeleton (D:3)
  8 bats
  4 frilled lizards
  2 rats (D:2)
60 creatures vanquished.

Notes
Turn   | Place    | Note
-------+----------+-------------------------------------------
     0 | D:1      | EnegeticOcto the Minotaur Fighter began the quest for the
                  | Orb.
     0 | D:1      | Reached XP level 1. HP: 19/19 MP: 0/0
   311 | D:1      | Reached XP level 2. HP: 27/27 MP: 1/1
   733 | D:1      | Reached skill level 1 in Dodging
   733 | D:1      | Reached XP level 3. HP: 32/33 MP: 2/2
  1298 | D:2      | Reached XP level 4. HP: 40/40 MP: 3/3
  1337 | D:2      | Found a stormy altar of Qazlal.
  1339 | D:2      | Noticed a fire elemental
  1340 | D:2      | Noticed an earth elemental
  1340 | D:2      | Noticed a water elemental
  1340 | D:2      | Noticed an air elemental
  2037 | D:3      | Reached XP level 5. HP: 43/46 MP: 4/4
  2045 | D:3      | Slain by an orc wizard

Levels and vault maps discovered:
D:1:      lightli_arrival_isolated_outpost, layout_basic, serial_curves,
          eino_curves_03, eino_curves_03
D:2:      layout_rooms, nicolae_qazlal_style_of_elements
D:3:      layout_rooms, portal_sewer_entry_e

Skill      XL: |  1  2  3  4 |
---------------+-------------+-----
Axes           | 3 4 |  4.3
Dodging        | 1 |  1.8
Armour         | 4 |  4.3
Shields        | 4 |  4.3
Fighting       | 4 |  4.3

Action                   |  1- 3 |  4- 6 || total
-------------------------+-------+-------++-------
Melee: War axe           |    81 |    72 ||   153
       Headbutt          |    11 |     8 ||    19
  Eat: Chunk             |     1 |     3 ||     4
Armor: Scale mail        |    44 |    35 ||    79
Dodge: Dodged            |    47 |    25 ||    72
Block: Shield            |    53 |    49 ||   102
